 Dungeon Crawl Stone Soup version 0.22-a0-247-gbddf880 (webtiles) character file.

912 Amnesiac the Prestidigitator (level 7, -3/41 HPs)
             Began as a Deep Elf Artificer on Feb 25, 2018.
             Was an Initiate of Gozag.
             Killed by divine providence
             ... invoked by an orc priest
              (17 damage)
             ... on level 6 of the Dungeon.
             The game lasted 00:10:31 (5048 turns).

Amnesiac the Prestidigitator (Deep Elf Artificer)   Turns: 5048, Time: 00:10:32

Health: -3/41      AC:  3    Str: 11    XL:     7   Next: 82%
Magic:  15/15      EV: 13    Int: 16    God:    Gozag
Gold:   648        SH:  0    Dex: 15    Spells: 2/10 levels left

rFire    . . .     SeeInvis .   a - +1 dagger (venom)
rCold    . . .     Gourm    .   (no shield)
rNeg     . . .     Faith    .   h - +0 leather armour
rPois    .         Spirit   .   (no helmet)
rElec    .         Reflect  .   (no cloak)
rCorr    .         Harm     .   (no gloves)
MR       .....                  (no boots)
Stlth    ++........             q - amulet of the acrobat
HPRegen  0.13/turn              w - ring of wizardry
MPRegen  0.14/turn              (no ring)

@: gold aura
A: no striking features
a: Potion Petition, Call Merchant, Bribe Branch, Renounce Religion


You were on level 6 of the Dungeon.
You worshipped Gozag.
Gozag was pleased with you.
You were very full.

You visited 1 branch of the dungeon, and saw 6 of its levels.

You collected 720 gold pieces.
You paid 72 gold pieces to Gozag.

Inventory:

Hand Weapons
 a - a +1 dagger of venom (weapon)
 b - a +0 hunting sling
 C - a +0 short sword of speed
Missiles
 g - 176 stones (quivered)
 t - 60 sling bullets
Armour
 h - a +0 leather armour (worn)
Jewellery
 q - an amulet of the acrobat (around neck)
 w - a ring of wizardry (left hand)
 z - an uncursed amulet of rage
Wands
 d - a wand of enslavement (15)
 n - a wand of polymorph (10)
Scrolls
 k - 3 scrolls of immolation {!r, unknown}
 l - a scroll of enchant weapon {!r, unknown}
 m - 2 scrolls of identify {!r}
 o - a scroll of random uselessness {!r, unknown}
 r - 2 scrolls of amnesia {!r, unknown}
 u - a scroll of fog {!r, unknown}
 v - 4 scrolls of teleportation {!r}
 x - 2 scrolls of noise {!r, unknown}
 y - 3 scrolls of remove curse {!r, unknown}
 B - a scroll of fear {!r, unknown}
 D - a scroll of blinking {!r}
Potions
 i - 2 potions of curing {!q}
 j - a potion of agility {!q}
 p - 2 potions of haste {!q}
 s - 3 potions of heal wounds {!q}
 A - a potion of ambrosia {!q}
Comestibles
 f - 6 rations


   Skills:
 * Level 3.3 Fighting
 - Level 2.0 Short Blades
 + Level 3.2 Dodging
 - Level 2.0 Stealth
 + Level 2.1 Spellcasting
 * Level 8.5 Evocations


You had 2 spell levels left.
You knew the following spells:

 Your Spells              Type           Power        Failure   Level  Hunger
e - Mephitic Cloud        Conj/Pois/Air  #.......     32%         3    ###....
s - Conjure Flame         Conj/Fire      #.......     32%         3    ###....
v - Blink                 Tloc           N/A          16%         2    ###....


Dungeon Overview and Level Annotations

Branches:
Dungeon (6/15)
 Temple: D:4-7

Altars:
Cheibriados
Dithmenos
Fedhas
Gozag
Hepliaklqana
Makhleb
Vehumet
Wu Jian

Shops:
D:4 *

Annotations:
D:5 Amnesiac's ghost, amateur DEAr


Message History

You enter a teleport trap!
The teleport trap disappears.
Your surroundings suddenly seem different.
You open the door.
There is an open door here.
You open the door.
You now have 639 gold pieces (gained 11).
You open the door.
There is an open door here.
Found a hand axe.
Found a stone staircase leading down.
You see here a hand axe.
There is a stone staircase leading down here.
You open the door.
There is an open door here.
You now have 648 gold pieces (gained 9).
r - 2 scrolls labeled ALARHO KEKEJUO {!r} (gained 1)
An orc wizard comes into view. It is wielding a dagger.
The orc wizard shouts!
You hear a shout! x2
An orc priest comes into view. It is wielding a club.
An orc priest is nearby!
An orc priest is nearby!
An orc priest is nearby!
You start waiting.
The orc wizard gestures wildly while chanting.
The orc wizard seems to speed up.
You hit the orc wizard but do no damage.
The orc wizard is poisoned.
The orc wizard points at you and mumbles some strange words.
The magic dart hits you!
An orc comes into view. It is wielding a mace.
You closely miss the orc wizard.
The orc shouts!
The orc wizard gestures at you while chanting.
The magic dart hits you! The orc wizard closely misses you.
You closely miss the orc wizard.
The orc wizard hits you but does no damage.
You hit the orc wizard but do no damage.
The orc wizard is moderately wounded.
The orc wizard points at you and mumbles some strange words.
You easily resist.
You hit the orc wizard.
The orc wizard is heavily wounded.
The orc wizard points at you and mumbles some strange words.
The magic dart hits you!
* * * LOW HITPOINT WARNING * * *
You hit the orc wizard.
The orc wizard is severely wounded.
The orc wizard barely misses you.
The orc wizard gestures at you while chanting.
The magic dart hits you!
* * * LOW HITPOINT WARNING * * *
You kill the orc wizard!
The orc priest looks satisfied for a moment.
You closely miss the orc. The orc barely misses you.
You hit the orc.
The orc is poisoned.
The orc is heavily wounded.
The orc misses you.
You hit the orc.
The orc looks as sick as possible!
The orc is severely wounded.
The orc priest invokes the aid of Beogh against you.
Beogh smites you!
You die...
Your body crumbles into a pile of gold.

.............................
..###.#.............####....#
#.###.#.###.........# o.#
#.....###...#......$# #
#######..####......o# #..#
#.......## .#
#........#####+###
###.####o#.#.......# #
#.....@o...#.......# #
#.########.........# ## #.
#.........# #. .
#.........###. ##
#.#........##. #.#.##........
#.#..#..#..##. #.##.#..#..##.
#......._<.##.


You could see an orc priest and an orc.

Vanquished Creatures
  A sky beast (D:2)
  An ice beast (D:6)
  An ogre (D:4)
  A centaur (D:5)
  A howler monkey (D:5)
  A crimson imp (D:5)
  An orc priest (D:3)
  3 hounds
  2 orc wizards
  2 iguanas (D:4)
  Natasha (thrice) (D:4)
  A worker ant (D:4)
  4 adders
  A gnoll (D:6)
  2 oozes (D:1)
  3 worms
  A dart slug (D:2)
  6 leopard geckos
  9 orcs
  6 giant cockroaches
  10 goblins
  9 hobgoblins
  9 kobolds
  3 quokkas
  4 ball pythons
  2 ball python skeletons (D:4)
  7 bats
  4 frilled lizards
  A giant cockroach zombie (D:5)
  A jackal zombie (D:6)
  4 rats
104 creatures vanquished.

Notes
Turn   | Place    | Note
-------+----------+-------------------------------------------
     0 | D:1      | Amnesiac the Deep Elf Artificer began the quest for the Orb.
     0 | D:1      | Reached XP level 1. HP: 11/11 MP: 5/5
     5 | D:2      | Noticed a sky beast
   177 | D:1      | Reached XP level 2. HP: 3/16 MP: 6/6
   509 | D:2      | Reached skill level 4 in Evocations
   604 | D:2      | Killed a sky beast
   604 | D:2      | Reached skill level 6 in Evocations
   604 | D:2      | Reached XP level 3. HP: 20/20 MP: 7/9
   604 | D:2      | Reached XP level 4. HP: 24/24 MP: 7/10
   921 | D:2      | Reached skill level 1 in Fighting
  1040 | D:4      | Noticed an ogre
  1056 | D:4      | Killed an ogre
  1056 | D:4      | Reached XP level 5. HP: 29/29 MP: 10/12
  1184 | D:4      | Noticed Natasha
  1188 | D:4      | Killed Natasha
  1200 | D:4      | Reached skill level 7 in Evocations
  1200 | D:4      | Reached XP level 6. HP: 23/35 MP: 13/13
  1485 | D:4      | Noticed Natasha
  1487 | D:4      | Killed Natasha
  1492 | D:4      | Noticed Natasha
  1523 | D:4      | Killed Natasha
  1580 | D:4      | Found an opulent altar of Gozag.
  1585 | D:4      | Became a worshipper of Gozag Ym Sagoz the Greedy
  2344 | D:2      | Found a blossoming altar of Fedhas.
  3279 | D:4      | Reached XP level 7. HP: 24/40 MP: 14/14
  3457 | D:4      | Reached skill level 8 in Evocations
  3543 | D:4      | Found Etap's General Store.
  3710 | D:5      | Entered Level 5 of the Dungeon
  3740 | D:5      | Learned a level 2 spell: Blink
  3744 | D:5      | Learned a level 3 spell: Mephitic Cloud
  3970 | D:5      | Found a radiant altar of Vehumet.
  3971 | D:5      | Reached skill level 1 in Spellcasting
  3972 | D:5      | Found a burning altar of Makhleb.
  4018 | D:5      | Noticed Amnesiac's ghost (amateur DEAr)
  4103 | D:6      | Learned a level 3 spell: Conjure Flame
  4119 | D:6      | HP: 2/40 [poisoned by Amnesiac's ghost]
  4127 | D:6      | HP: 2/40 [poisoned by Amnesiac's ghost]
  4421 | D:6      | Found a hazy altar of Hepliaklqana.
  4857 | D:6      | Found an ornate altar of the Wu Jian Council.
  4895 | D:6      | Found a shadowy altar of Dithmenos.
  4906 | D:6      | Found a snail-covered altar of Cheibriados.
  5048 | D:6      | Killed from afar by an orc priest

Vault maps used:
D:1:      dpeg_arrival_line_fractal, minmay_strange_pillars
D:2:      cheibrodos_old_hovel, fedhas_altar_1
D:4:      nicolae_gozag_cash_rules_everything_around_me, serial_shops,
          nicolae_shop_behind_doors, grunt_ministairs_2, uniq_natasha
D:5:      cheibrodos_quashed, grunt_temple_overflow_lords_of_destruction,
          first_ration
D:6:      overflow_temple_1_default, grunt_temple_overflow_open, basic_altar,
          grunt_decor_clamped, makhleb_heckhound_becter

Skill      XL: |  1  2  3  4  5  6  7 |
---------------+----------------------+-----
Evocations     | 6 7 8 |  8.5
Fighting       | 1 2 3 |  3.3
Short Blades   | 2 |  2.0
Stealth        | 2 |  2.0
Spellcasting   | 2 |  2.1
Dodging        | 3 |  3.2

Action                   |  1- 3 |  4- 6 |  7- 9 || total
-------------------------+-------+-------+-------++-------
Melee: Short sword       |    43 |    45 |       ||    88
       Dagger            |       |   165 |    89 ||   254
 Fire: Hunting sling     |       |     7 |     6 ||    13
 Cast: Conjure Flame     |       |       |     1 ||     1
Evoke: Wand              |     5 |    20 |     6 ||    31
  Use: Potion            |       |     1 |       ||     1
       Scroll            |       |     3 |     5 ||     8
 Stab: Sleeping          |       |     6 |       ||     6
       Paralysed         |       |     2 |       ||     2
       Distracted        |       |     1 |     1 ||     2
  Eat: Chunk             |       |     3 |       ||     3
       Ration            |       |     2 |     3 ||     5
Armor: Leather armour    |    10 |    30 |    12 ||    52
Dodge: Dodged            |    30 |   150 |    60 ||   240

Table legend:
 A = Spawn XP
 B = Non-spawn XP
 C = Spawn XP percentage of total XP
 D = Spawn monster count
 E = Non-spawn monster count
 F = Spawn count percentage of total count
 G = Total turns spent on level
                    A         B        C        D         E        F      G
               +---------+---------+-------+---------+---------+-------+---------
         Total |       0 |    1304 |   0.0 |       0 |     104 |   0.0 |  5048
               +---------+---------+-------+---------+---------+-------+---------
           D:1 |       0 |      70 |   0.0 |       0 |      32 |   0.0 |  1027
           D:2 |       0 |     197 |   0.0 |       0 |      23 |   0.0 |   929
           D:3 |       0 |      65 |   0.0 |       0 |      10 |   0.0 |   688
           D:4 |       0 |     485 |   0.0 |       0 |      21 |   0.0 |  1094
           D:5 |       0 |     238 |   0.0 |       0 |       9 |   0.0 |   358
           D:6 |       0 |     249 |   0.0 |       0 |       9 |   0.0 |   952
               +---------+---------+-------+---------+---------+-------+---------
